 Dungeon Crawl Stone Soup version 0.30-a0-305-g026cb31310 (webtiles) character file.

Game seed: 16954262818569981985

48 Angani the Shooter (level 3, 0/31 HPs)
             Began as a Draconian Hunter on Oct 22, 2022.
             Slain by a gnoll
             ... wielding a +2 spear of freezing
              (1 damage)
             ... on level 2 of the Dungeon.
             The game lasted 00:01:21 (868 turns).

Angani the Shooter (Draconian Hunter)                Turns: 868, Time: 00:01:22

Health: 0/31       AC:  5    Str: 13    XL:     3   Next: 50%
Magic:  3/3        EV: 12    Int:  7    God:
Gold:   45         SH:  5    Dex: 19    Spells: 2/2 levels left

rFire   + . .      SeeInvis .    h - +10 mace "Uwalu" {elec, rF+ rN+ Int-2 Dex+3}
rCold   . . .      Faith    .    (no shield)
rNeg    + . .      Spirit   .    (body armour unavailable)
rPois   .          Reflect  +    (helmet restricted)
rElec   .          Harm     .    (no cloak)
rCorr   .          Rampage  .    (no gloves)
Will    .....                    (no boots)
Stlth   ++........               d - amulet of reflection
HPRegen 0.25/turn                (no ring)
MPRegen 0.08/turn                (no ring)

@: slowed, very slow
A: AC +5, unfitting armour, cold-blooded
a: no special abilities


You were on level 2 of the Dungeon.
You visited 1 branch of the dungeon, and saw 2 of its levels.

You collected 45 gold pieces.

Inventory:

Hand Weapons
 a - a +0 shortbow
 h - the +10 mace "Uwalu" (weapon) {elec, rF+ rN+ Int-2 Dex+3}
   (You found it on level 2 of the Dungeon)

   It occasionally discharges a powerful burst of electricity upon striking a
   foe.
   Int:       It affects your intelligence (-2).
   Dex:       It affects your dexterity (+3).
   rF:        It protects you from fire.
   rN:        It protects you from negative energy.
Jewellery
 d - an amulet of reflection (around neck)
Scrolls
 b - a scroll of immolation
 c - a scroll of amnesia {unknown}
 e - 2 scrolls of fear {unknown}
 f - a scroll of identify {unknown}
Potions
 g - a potion of attraction {unknown}


   Skills:
 + Level 3.4 Fighting
 + Level 4.2 Ranged Weapons
 - Level 1.7 Dodging
 - Level 0.8 Stealth


You had 2 spell levels left.
You didn't know any spells.
Your spell library contained the following spells:

 Spells                   Type           Power      Damage    Failure   Level
 Beastly Appendage        Tmut           0%         N/A       43%         1
 Wereblood                Tmut           0%         N/A       56%         2
 Ozocubu's Armour         Ice            0%         N/A       80%         3
 Spider Form              Tmut/Pois      0%         N/A       80%         3
 Metabolic Englaciation   Hex/Ice        0%         N/A       100%        5
 Simulacrum               Ice/Necr       0%         N/A       100%        6


Dungeon Overview and Level Annotations

Branches:
Dungeon (2/15)

Altars:


Innate Abilities, Weirdness & Mutations

Your plain brown scales are hard. (AC +5)
You cannot fit into any form of body armour.
You are cold-blooded and may be slowed by cold attacks.


Message History

You barely miss the jackal.
You feel yourself speed up. The jackal barely misses you.
You block the jackal's attack.
The gnoll hits you from afar with a +2 spear of freezing.
You feel yourself slow down. The gnoll freezes you.
The jackal barely misses you.
The gnoll hits you from afar with a +2 spear of freezing.
The gnoll freezes you.
You closely miss the jackal.
You feel yourself speed up. The jackal bites you. The jackal barely misses you.
The jackal closely misses you.
Unknown command.
You hit the jackal.
You kill the jackal!
You hit the gnoll. Lightning courses through the gnoll!
You kill the gnoll!
The gnoll hits you from afar with a +2 spear of freezing.
The gnoll freezes you. The gnoll hits you but does no damage.
The gnoll hits you with a +2 spear of freezing.
* * * LOW HITPOINT WARNING * * *
The gnoll freezes you.
* * * LOW HITPOINT WARNING * * *
The gnoll misses you.
You see here a +0 club.
You hit the gnoll.
The gnoll is moderately wounded.
You block the gnoll's attack.
The gnoll hits you from afar with a +0 spear.
* * * LOW HITPOINT WARNING * * *
You completely miss the gnoll.
The gnoll is moderately wounded.
The gnoll hits you but does no damage. x2
Unknown command.
You hit the gnoll.
The gnoll is severely wounded.
The gnoll hits you with a +2 spear of freezing.
* * * LOW HITPOINT WARNING * * *
You feel yourself slow down. The gnoll freezes you.
You die...

.h. ..... g.. ..
... ... .. .r. ...
. .....g.
#.#.#.#.## ###h#..
#g. #.....# #.# #
#.#.###.######.#
#.#.#.....rgg@...#
#.#.###...########
#.#.###..>#
#.#.#.....#
#.#.#.....#
####.#.#.....#.
#..............#
#....†..........#
#............#....


You could see 2 gnolls and a rat.

Vanquished Creatures
  A gnoll (D:2)
  A dart slug (D:1)
  2 ball pythons (D:1)
  7 bats
  3 endoplasms
  2 giant cockroaches (D:1)
  2 goblins (D:1)
  6 hobgoblins
  A jackal (D:2)
  3 kobolds
  A quokka (D:2)
  2 frilled lizards
31 creatures vanquished.

Notes
Turn   | Place    | Note
-------+----------+-------------------------------------------
     0 | D:1      | Angani the Draconian Hunter began the quest for the Orb.
     0 | D:1      | Reached XP level 1. HP: 17/17 MP: 1/1
   113 | D:1      | Reached XP level 2. HP: 25/25 MP: 2/2
   206 | D:1      | Reached skill level 4 in Ranged Weapons
   677 | D:2      | Reached XP level 3. HP: 30/31 MP: 3/3
   840 | D:2      | Identified the +10 mace "Uwalu" {elec, rF+ rN+ Int-2 Dex+3}
   868 | D:2      | HP: 1/31 [gnoll/+2 spear of freezing (3)]
   868 | D:2      | Slain by a gnoll

Illustrated notes

Levels and vault maps discovered:
D:1:      lemuel_arrival_river_ford, layout_loops_cross
D:2:      layout_basic, basic_altar

Skill      XL: |  1  2 |
---------------+-------+-----
Ranged Weapons | 4 |  4.2
Fighting       | 3 |  3.4
Dodging        | |  1.7
Stealth        | |  0.8

Action                   || total
-------------------------++-------
Melee: Mace              ||     8
 Fire: Shortbow          ||    63
Armor: Skin              ||     7
Dodge: Dodged            ||    13
Block: Other             ||     7
       Reflection        ||     1

Table legend: (Time is in decaauts)
 A = Elapsed time spent in this place.
 B = Non-inter-level travel time spent in this place.
 C = Inter-level travel time spent in this place.
 D = Time resting spent in this place.
 E = Time spent auto-exploring this place.
 F = Levels seen in this place.
 G = Mean time per level.
                   A        B        C        D        E       F      G
               +--------+--------+--------+--------+--------+-----+--------+
         Total |    895 |    875 |     20 |      0 |    721 |   2 |  447.5 |
       Dungeon |    895 |    875 |     20 |      0 |    721 |   2 |  447.5 |
               +--------+--------+--------+--------+--------+-----+--------+

Top non-repeatable levels by time:
     D:1: 657 daAuts
     D:2: 238 daAuts
